 Dungeon Crawl Stone Soup version 0.31-a0-188-g5e087ee2ca (webtiles) character file.

Game seed: 3394605123534742309

2093 Pooter the Cleaver (level 9, 0/78 HPs)
             Began as a Minotaur Berserker on June 23, 2023.
             Was a Priest of Trog.
             Slain by an acid dragon (9 damage)
             ... on level 7 of the Dungeon.
             The game lasted 00:20:57 (4679 turns).

Pooter the Cleaver (Minotaur Berserker)             Turns: 4679, Time: 00:20:57

Health: 0/78       AC:  6    Str: 30    XL:     9   Next: 7%
Magic:  8/8        EV:  8    Int:  4    God:    Trog [***...]
Gold:   159        SH: 12    Dex:  9    Spells: 8/8 levels left

rFire   + . .        a - +0 war axe
rCold   . . .        c - +0 tower shield
rNeg    . . .        H - +0 scale mail
rPois   .            (helmet restricted)
rElec   .            (no cloak)
rCorr   .            y - +2 pair of gloves {Str+3}
SInv    .            J - +0 pair of boots
Will    .....        (no amulet) Stlth
                     F - ring of protection from fire
HPRegen 0.33/turn    (no ring)
MPRegen 0.11/turn

%: no passive effects
@: corroded, on berserk cooldown, slowed, very slow
A: horns 2, retaliatory headbutt
a: Renounce Religion, Berserk, Trog's Hand


You were on level 7 of the Dungeon.
You worshipped Trog.
Trog was most pleased with you.
You visited 1 branch of the dungeon, and saw 7 of its levels.

You collected 309 gold pieces.
You spent 150 gold pieces at shops.

Inventory:

Hand Weapons
 a - a +0 war axe (weapon)
   (You found it on level 6 of the Dungeon)
 b - a +0 sling
   (You took it off a goblin on level 3 of the Dungeon)
 k - a +0 hand axe
 A - a +0 trident
   (You found it on level 2 of the Dungeon)
 B - a +2 hand axe of electrocution
   (You took it off an orc on level 4 of the Dungeon)
 I - a +2 hand axe of draining
   (You took it off an orc on level 4 of the Dungeon)
Missiles
 d - 6 atropa-tipped darts
 h - 3 curare-tipped darts
 D - 2 poisoned darts
 Q - 48 stones (quivered)
Armour
 c - a +0 tower shield (worn)
   (You found it on level 1 of the Dungeon)
 y - a +2 pair of gloves of strength (worn)
   (You bought it in a shop on level 4 of the Dungeon)
 H - a +0 scale mail (worn)
   (You took it off an orc on level 5 of the Dungeon)
 J - a +0 pair of boots (worn)
   (You found it on level 6 of the Dungeon)
Jewellery
 F - a ring of protection from fire (left hand)
   (You took it off a hobgoblin on level 3 of the Dungeon)
Wands
 i - a wand of charming (9)
   (You found it on level 6 of the Dungeon)
Scrolls
 e - a scroll of silence {unknown}
 f - a scroll of blinking {unknown}
 j - a scroll of revelation {unknown}
 l - a scroll of torment {unknown}
 m - a scroll of enchant weapon {unknown}
 q - 4 scrolls of noise {!r}
 r - a scroll of brand weapon {unknown}
 t - 5 scrolls of teleportation {@r4}
 w - a scroll of fog {unknown}
 C - a scroll of immolation {!r}
 G - a scroll of poison {!r}
Potions
 g - 3 potions of mutation {!q}
 n - 2 potions of enlightenment {unknown}
 o - a potion of magic {unknown}
 p - a potion of heal wounds {unknown}
 s - 2 potions of curing {unknown}
 u - 2 potions of might {unknown}
 v - a potion of invisibility {unknown}
 x - 3 potions of attraction {!q}
 z - 2 potions of haste {unknown}
 E - a potion of lignification {unknown}


   Skills:
 + Level 6.7 Fighting
 * Level 9.0(9.1) Axes
 - Level 1.9(6.0) Polearms
 * Level 6.7 Ranged Weapons
 - Level 2.4 Armour
 - Level 2.1 Dodging
 - Level 2.3 Stealth
 + Level 5.3 Shields


You had 8 spell levels left.
You didn't know any spells.
Your spell library was empty.

Dungeon Overview and Level Annotations

Branches:
Dungeon (7/15)             Temple (0/1) D:6

Altars:
Uskayaw

Shops:
D:4 [

Annotations:
D:5 2 transporters, Starbright's ghost, amateur FeCK


Innate Abilities, Weirdness & Mutations

You have a pair of horns on your head.
You reflexively headbutt those who attack you in melee.


Message History

Your Ranged Weapons skill increases to level 6!
Your Shields skill increases to level 5!
You have reached level 9!
Your experience leads to an increase in your attributes!
Your base attributes are Str 25, Int 4, Dex 9.
Increase (s)trength, (i)ntelligence, or (d)exterity?
You feel stronger. x2
You see here a boulder beetle corpse.
You miss the vampire mosquito.
You block the vampire mosquito's attack.
The vampire mosquito bites you.
The vampire mosquito draws strength from your injuries!
You closely miss the vampire mosquito. The vampire mosquito barely misses you.
You barely miss the vampire mosquito.
Your headbutt misses the vampire mosquito.
The vampire mosquito bites you!
The vampire mosquito draws strength from your injuries!
The vampire mosquito closely misses you.
You furiously retaliate!
You headbutt the vampire mosquito! You hit the vampire mosquito.
The vampire mosquito closely misses you.
You furiously retaliate!
You headbutt the vampire mosquito!
You destroy the vampire mosquito!
Trog accepts your kill.
An acid dragon comes into view.
Your Axes skill increases to level 9!
You see here a curare-tipped dart.
You feel a strong urge to attack something.
You are no longer berserk.
You are exhausted.
You feel yourself slow down. The acid dragon bites you.
The acid dragon claws you but does no damage.
You slash the acid dragon! You block the acid dragon's attack.
The acid dragon claws you. The acid dragon spits acid at you.
The splash of acid hits you. The acid corrodes you!
You hear a shout!
You hear two shouts!
You hit the acid dragon but do no damage.
You hear a roar!
The acid dragon spits acid at you. The splash of acid hits you!!!
* * * LOW HITPOINT WARNING * * *
The acid corrodes you! You block the acid dragon's attack.
The acid dragon claws you but does no damage.
You closely miss the acid dragon. Your headbutt misses the acid dragon.
You block the acid dragon's attack. The acid dragon claws you.
* * * LOW HITPOINT WARNING * * *
The acid dragon bites you!
You die...

## #D## ##
#@## .#
##(##.# ##†#.#
#.#.# #...# #
#.#.# #.
##.#.# ###.
##.##.. #
##.##.#####.##
..#


You could see an acid dragon.

Vanquished Creatures
  A boulder beetle (D:7)
  Eustachio (D:5)
  A vampire mosquito (D:7)
  A black bear (D:4)
  3 ice beasts
  An ogre (D:5)
  A phantom (D:4)
  2 scorpions
  A wight (D:6)
  A howler monkey (D:6)
  A jelly (D:5)
  An orc priest (D:3)
  A hound (D:6)
  A gnoll bouda (D:6)
  2 sleepcaps (D:6)
  4 iguanas
  Robin (D:3)
  5 gnolls
  6 adders
  2 shadow imps
  A white imp (D:6)
  6 dart slugs
  2 worms
  17 orcs
  4 ball pythons
  3 endoplasms
  11 goblins
  6 hobgoblins
  8 kobolds
  2 quokkas
  3 bats
  5 frilled lizards
  4 rats
109 creatures vanquished.

Notes
Turn   | Place    | Note
-------+----------+-------------------------------------------
     0 | D:1      | Pooter the Minotaur Berserker began the quest for the Orb.
     0 | D:1      | Reached XP level 1. HP: 19/19 MP: 0/0
   139 | D:1      | Reached XP level 2. HP: 27/27 MP: 1/1
   172 | D:1      | Reached skill level 4 in Axes
   227 | D:1      | Reached skill level 1 in Stealth
   653 | D:2      | Reached skill level 1 in Shields
   653 | D:2      | Reached XP level 3. HP: 25/33 MP: 2/2
   726 | D:2      | Found a faded altar of an unknown god.
   761 | D:2      | Reached ** piety under Trog
   867 | D:2      | Upgraded the game from 0.31-a0-187-gba352fbbf7 to
                  | 0.31-a0-188-g5e087ee2ca
  1084 | D:3      | Reached XP level 4. HP: 26/40 MP: 3/3
  1200 | D:3      | Noticed Robin
  1208 | D:3      | Killed Robin
  1209 | D:3      | Reached skill level 1 in Polearms
  1220 | D:3      | Reached XP level 5. HP: 44/46 MP: 4/4
  1998 | D:4      | Found Xeothry's Antique Armour Shop.
  2006 | D:4      | Bought a pair of glowing gloves for 150 gold pieces
  2039 | D:4      | Reached skill level 5 in Axes
  2067 | D:4      | Noticed a phantom
  2078 | D:4      | Killed a phantom
  2079 | D:4      | Reached skill level 1 in Ranged Weapons
  2222 | D:4      | Noticed a black bear
  2227 | D:4      | Killed a black bear
  2228 | D:4      | Reached XP level 6. HP: 53/53 MP: 5/5
  2476 | D:5      | Entered Level 5 of the Dungeon
  2520 | D:5      | Noticed an ice beast
  2526 | D:5      | Killed an ice beast
  2527 | D:5      | Reached skill level 5 in Fighting
  2527 | D:5      | Reached skill level 6 in Axes
  2573 | D:5      | Found a transporter.
  2573 | D:5      | Noticed Starbright's ghost (amateur FeCK)
  2574 | D:5      | Noticed an orc warrior
  2575 | D:5      | Noticed an ice beast
  2634 | D:5      | Found a transporter.
  2672 | D:5      | Reached XP level 7. HP: 43/61 MP: 6/6
  2837 | D:5      | Noticed Eustachio
  2854 | D:5      | Killed Eustachio
  3176 | D:5      | Reached skill level 7 in Axes
  3623 | D:6      | Reached XP level 8. HP: 52/70 MP: 7/7
  3624 | D:6      | Reached *** piety under Trog
  3793 | D:6      | Reached skill level 5 in Ranged Weapons
  4080 | D:6      | Found a hide-covered altar of Uskayaw.
  4243 | D:6      | Found a staircase to the Ecumenical Temple.
  4661 | D:7      | Noticed a boulder beetle
  4669 | D:7      | Killed a boulder beetle
  4670 | D:7      | Reached skill level 8 in Axes
  4670 | D:7      | Reached skill level 5 in Shields
  4670 | D:7      | Reached XP level 9. HP: 78/78 MP: 8/8
  4675 | D:7      | Reached skill level 9 in Axes
  4679 | D:7      | Slain by an acid dragon

Illustrated notes

Levels and vault maps discovered:
D:1:      scummos_arrival_hexagon, layout_rooms
D:2:      layout_basic, ebering_ecumenical_altar_rust
D:3:      layout_loops_cross, hangedman_decor_growths, uniq_robin
D:4:      layout_loops_cross, serial_shops, nicolae_stop_n_shop_1
D:5:      layout_cave_pools, gammafunk_ghost_arena, grunt_decor_resistance,
          kennysheep_generic_room_10, uniq_eustachio
D:6:      layout_loops_ring, lemuel_round_altar, minmay_temple_entry_tees,
          minmay_fractal_squares_gapless_5
D:7:      minmay_the_grid_octo_2x2 [minmay_the_grid_octo_fat_diamond,
          minmay_the_grid_octo_odd_swirl, minmay_the_grid_octo_tetromino_candy,
          minmay_the_grid_octo_prize_single_spiral], layout_basic,
          dreamdust_princess_bridge

Skill      XL: |  1  2  3  4  5  6  7  8  9 |
---------------+----------------------------+-----
Axes           | 4 5 6 7 8 9 |  9.0
Stealth        | 1 2 |  2.3
Shields        | 1 2 3 5 |  5.3
Fighting       | 4 5 6 |  6.7
Polearms       | 1 |  1.9
Ranged Weapons | 2 3 4 6 |  6.7
Armour         | |  2.4
Dodging        | |  2.1

Action                     |  1- 3 |  4- 6 |  7- 9 || total
---------------------------+-------+-------+-------++-------
  Melee: Hand axe          |    22 |    30 |    32 ||    84
         Headbutt          |     6 |    12 |    23 ||    41
         Trident           |    54 |    71 |       ||   125
         War axe           |       |       |    62 ||    62
   Fire: Sling             |       |    21 |     9 ||    30
  Throw: Stone             |       |     4 |       ||     4
         Dart              |       |     2 |     2 ||     4
 Invoke: Trog's Hand       |     1 |     1 |     1 ||     3
         Berserk           |       |     3 |     2 ||     5
    Use: Scroll            |     1 |     2 |     4 ||     7
   Stab: Sleeping          |       |     1 |       ||     1
 Armour: Animal skin       |     2 |       |       ||     2
         Ring mail         |    21 |    34 |       ||    55
         Scale mail        |       |     2 |    19 ||    21
  Dodge: Dodged            |    14 |    39 |    26 ||    79
  Block: Tower shield      |    31 |    60 |    50 ||   141

Table legend: (Time is in decaauts)
 A = Elapsed time spent in this place.
 B = Non-inter-level travel time spent in this place.
 C = Inter-level travel time spent in this place.
 D = Time resting spent in this place.
 E = Time spent auto-exploring this place.
 F = Levels seen in this place.
 G = Mean time per level.
                   A        B        C        D        E       F      G
               +--------+--------+--------+--------+--------+-----+--------+
         Total |   4832 |   4756 |     76 |    629 |   3105 |   7 |  690.3 |
       Dungeon |   4832 |   4756 |     76 |    629 |   3105 |   7 |  690.3 |
               +--------+--------+--------+--------+--------+-----+--------+

Top non-repeatable levels by time:
     D:5: 1059 daAuts
     D:6: 1002 daAuts
     D:3: 793 daAuts
     D:4: 708 daAuts
     D:2: 639 daAuts
     D:1: 435 daAuts
     D:7: 195 daAuts
